General information
- name: BNet
- type: Ladder team game (AT/RT)
- host: Battle.net
- saver: sc2no.wc4yes
map: GoldRush
- players: 8
- length: 05:02
- speed: Fast
- version: 1.26 W3XP
- replay type: Public
» download(37 KB)
Players
team 1 (winner)

»
sc2no.wc4yes (
yellow | 89 APM | 446 actions | 05:02)
3 Archmage
2 Blizzard
1 Brilliance Aura
» actions
| Assign group hotkey | 22 | |
| Basic commands | 4 | |
| Build / train | 26 | |
| Enter build submenu | 7 | |
| Enter hero's abilities submenu | 3 | |
| Right click | 201 | |
| Select / deselect | 61 | |
| Select group hotkey | 100 | |
| Use ability | 22 | |
446 total
» units
» buildings
| Altar of Kings | 1 | |
| Farm | 1 | |
| Scout Tower | 4 | |
| Lumber Mill | 1 | |
| Arcane Tower | 1 | |
8 total
» build order
00:09 Altar of Kings
00:39 Farm
03:15 Scout Tower
03:15 Scout Tower
03:22 Scout Tower
03:41 Lumber Mill
04:00 Arcane Tower
04:49 Scout Tower

»
justbl4ze20 (
pink | 40 APM | 199 actions | 05:01)
1 Blademaster
1 Wind Walk
» actions
| Assign group hotkey | 1 | |
| Build / train | 27 | |
| Enter build submenu | 7 | |
| Enter hero's abilities submenu | 1 | |
| Remove unit from queue | 6 | |
| Right click | 87 | |
| Select / deselect | 48 | |
| Select group hotkey | 8 | |
| Use ability | 14 | |
199 total
» units
» buildings
| Altar of Storms | 1 | |
| Orc Burrow | 2 | |
| Voodoo Lounge | 1 | |
| Barracks | 1 | |
| War Mill | 1 | |
| Stronghold | 1 | |
7 total
» build order
00:25 Altar of Storms
00:37 Orc Burrow
00:52 Voodoo Lounge
01:36 Barracks
01:59 Orc Burrow
02:45 War Mill
04:14 Stronghold
» items
| Healing Salve | 1 | |
| Lesser Clarity Potion | 3 | |
4 total
SourDiesel_pot (
teal | 26 APM | 132 actions | 05:01)
1 Shadow Hunter
1 Hex
» actions
| Build / train | 18 | |
| Enter build submenu | 14 | |
| Enter hero's abilities submenu | 1 | |
| Right click | 38 | |
| Select / deselect | 47 | |
| Use ability | 14 | |
132 total
» units
» buildings
| Altar of Storms | 1 | |
| Orc Burrow | 3 | |
| War Mill | 1 | |
| Watch Tower | 7 | |
| Voodoo Lounge | 1 | |
13 total
» build order
00:07 Altar of Storms
00:28 Orc Burrow
00:46 War Mill
01:12 Orc Burrow
02:07 Watch Tower
02:35 Watch Tower
02:48 Watch Tower
02:55 Orc Burrow
03:38 Watch Tower
03:41 Watch Tower
03:46 Watch Tower
03:50 Watch Tower
03:59 Voodoo Lounge

»
Gandalf_Leblanc (
red | 32 APM | 161 actions | 05:01)
1 Warden
1 Fan of Knives
» actions
| Build / train | 15 | |
| Enter build submenu | 8 | |
| Enter hero's abilities submenu | 1 | |
| Right click | 54 | |
| Select / deselect | 73 | |
| Use ability | 10 | |
161 total
» units
» buildings
| Altar of Elders | 1 | |
| Moon Well | 2 | |
| Ancient of War | 1 | |
| Ancient of Wonders | 2 | |
| Hunter's Hall | 1 | |
7 total
» build order
01:54 Altar of Elders
02:13 Moon Well
03:11 Ancient of War
03:50 Moon Well
04:14 Ancient of Wonders
04:19 Ancient of Wonders
04:40 Hunter's Hall
team 2 (loser)
KILLdumbALLIES (
green | 53 APM | 262 actions | 04:54)
1 Death Knight
1 Death Coil
» actions
| Assign group hotkey | 11 | |
| Basic commands | 5 | |
| Build / train | 17 | |
| Enter build submenu | 9 | |
| Enter hero's abilities submenu | 1 | |
| Right click | 83 | |
| Select / deselect | 48 | |
| Select group hotkey | 79 | |
| Use ability | 9 | |
262 total
» units
| Acolyte | 10 | |
| Ghoul | 2 | |
| Crypt Fiend | 3 | |
15 total
» buildings
| Ziggurat | 2 | |
| Crypt | 1 | |
| Altar of Darkness | 1 | |
| Graveyard | 1 | |
| Tomb of Relics | 2 | |
7 total
» build order
00:05 Ziggurat
00:11 Crypt
00:36 Altar of Darkness
00:58 Graveyard
01:36 Ziggurat
02:35 Tomb of Relics
02:39 Tomb of Relics
LesGrossman (
orange | 59 APM | 291 actions | 04:56)
1 Goblin Alchemist
1 Acid Bomb
» actions
| Assign group hotkey | 13 | |
| Basic commands | 18 | |
| Build / train | 26 | |
| ESC pressed | 1 | |
| Enter build submenu | 12 | |
| Enter hero's abilities submenu | 1 | |
| Right click | 111 | |
| Select / deselect | 70 | |
| Select group hotkey | 24 | |
| Use ability | 15 | |
291 total
» units
» upgrades
» buildings
| Altar of Kings | 1 | |
| Farm | 4 | |
| Barracks | 1 | |
| Lumber Mill | 2 | |
| Scout Tower | 2 | |
| Arcane Tower | 1 | |
| Guard Tower | 1 | |
12 total
» build order
00:10 Altar of Kings
00:12 Farm
01:12 Barracks
01:15 Farm
01:47 Farm
02:40 Lumber Mill
02:46 Lumber Mill
02:56 Farm
04:10 Scout Tower
04:13 Scout Tower
04:41 Arcane Tower
04:42 Guard Tower
Paladin1ST (
purple | 199 APM | 937 actions | 04:42)
1 Paladin
1 Holy Light
» actions
| Assign group hotkey | 8 | |
| Basic commands | 10 | |
| Build / train | 20 | |
| Enter build submenu | 10 | |
| Enter hero's abilities submenu | 1 | |
| Right click | 176 | |
| Select / deselect | 87 | |
| Select group hotkey | 607 | |
| Use ability | 18 | |
937 total
» units
» buildings
| Farm | 4 | |
| Barracks | 1 | |
| Altar of Kings | 1 | |
| Town Hall | 3 | |
| Lumber Mill | 1 | |
10 total
» build order
00:06 Farm
00:08 Barracks
00:25 Altar of Kings
01:00 Farm
01:36 Farm
03:14 Town Hall
03:32 Town Hall
03:34 Town Hall
03:49 Lumber Mill
04:16 Farm

»
SubjectBroached (
blue | 43 APM | 214 actions | 05:00)
1 Archmage
1 Blizzard
» actions
| Basic commands | 1 | |
| Build / train | 19 | |
| Enter build submenu | 3 | |
| Enter hero's abilities submenu | 1 | |
| Right click | 113 | |
| Select / deselect | 67 | |
| Use ability | 10 | |
214 total
» units
» buildings
| Altar of Kings | 1 | |
| Farm | 1 | |
| Arcane Vault | 1 | |
3 total
» build order
00:07 Altar of Kings
00:15 Farm
01:05 Arcane Vault
Chat log
(00:16 / Allies) sc2no.wc4yes: blitzing with miltia
(00:23 / Allies) SourDiesel_pot: great
(00:36 / Allies) sc2no.wc4yes: were down a man anyway
(00:41 / Allies) SourDiesel_pot: k
(00:50 / Allies) SourDiesel_pot: i will tower then
(01:30 / Allies) SourDiesel_pot: :)
(01:31 / Allies) sc2no.wc4yes: in ur dreams
(02:31 / Allies) Gandalf_Leblanc: tower
(04:58 / Allies) Gandalf_Leblanc: lol
(05:00 / Allies) sc2no.wc4yes: lmao